 Dungeon Crawl Stone Soup version 0.20.1-1-g8b1a95d (webtiles) character file.

181 ANON1729 the Firebug (level 5, 0/31 HPs)
             Began as an Octopode Fire Elementalist on Aug 9, 2017.
             Was a Believer of Zin.
             Slain by a kobold
             ... wielding a +0 whip
              (2 damage)
             ... on level 2 of the Dungeon.
             The game lasted 00:10:08 (3560 turns).

ANON1729 the Firebug (Octopode Fire Elementalist)   Turns: 3560, Time: 00:10:09

Health: 0/31       AC:  1    Str:  7    XL:     5   Next: 61%
Magic:  10/10      EV: 13    Int: 19    God:    Zin [**....]
Gold:   68         SH:  0    Dex: 12    Spells: 9/10 levels left

rFire    . . .     SeeInvis .   (no weapon)
rCold    . . .     Gourm    +   (no shield)
rNeg     . . .     Faith    .   (helmet restricted)
rPois    .         Spirit   .   h - amulet of the gourmand
rElec    .         Reflect  .   n - ring of loudness (curse)
rCorr    .         Harm     .   p - ring of protection from magic
MR       +....                  (no ring)
Stlth    ++........             (no ring)
Regen    0.1/turn               (no ring)
MPRegen  0.2/turn               (no ring)
                                (no ring)
                                (no ring)

@: no status effects
A: almost no armour, stealthy swim, amphibious, 8 rings, constrict 8, camouflage
1, gelatinous body 1
a: Recite, Vitalisation, Donate Gold, Renounce Religion


You were on level 2 of the Dungeon.
You worshipped Zin.
Zin was pleased with you.
You were completely stuffed.

You visited 1 branch of the dungeon, and saw 4 of its levels.

You collected 142 gold pieces.
You donated 74 gold pieces to Zin.

Inventory:

Jewellery
 h - an amulet of the gourmand (around mantle)
 n - a cursed ring of loudness (left tentacle)
 p - a ring of protection from magic (right tentacle)
Scrolls
 d - 6 scrolls of teleportation {unknown}
 e - a scroll of recharging {unknown}
 g - 5 scrolls of identify {unknown}
 i - 2 scrolls of fear {unknown}
 j - 3 scrolls of remove curse {unknown}
 m - a scroll of amnesia {unknown}
 o - a scroll of blinking {unknown}
 r - 2 scrolls of enchant weapon {unknown}
Potions
 c - a potion of cancellation {unknown}
 f - 3 potions of heal wounds {unknown}
 s - a potion of magic {unknown}
 t - a potion of berserk rage {unknown}
Books
 a - a book of Flames

   Spells                             Type                      Level
   a - Flame Tongue                   Conjuration/Fire             1
   b - Throw Flame                    Conjuration/Fire             2
   c - Conjure Flame                  Conjuration/Fire             3
   d - Inner Flame                    Hexes/Fire                   3
   e - Sticky Flame                   Conjuration/Fire             4
   f - Fireball                       Conjuration/Fire             5
Comestibles
 b - 2 bread rations
 k - a royal jelly
 l - 3 meat rations
 u - 4 fruits


   Skills:
 - Level 2.0 Dodging
 - Level 2.6 Stealth
 + Level 3.3 Spellcasting
 + Level 3.3 Conjurations
 + Level 4.0 Fire Magic


You had 9 spell levels left.
You knew the following spells:

 Your Spells              Type           Power        Failure   Level  Hunger
a - Flame Tongue          Conj/Fire      ###..        3%          1    None


Dungeon Overview and Level Annotations

Branches:
Dungeon (4/15)
 Temple: D:4-7

Altars:
Zin


Innate Abilities, Weirdness & Mutations

You cannot wear most types of armour.
You are very stealthy in the water. (Stealth+)
You are amphibious.
You can wear up to eight rings at the same time.
You can use your tentacles to constrict eight enemies at once.
Your skin changes colour to match your surroundings (Stealth+).
Your rubbery body absorbs attacks. (AC +1, EV +1)


Message History

The ogre misses you.
Okay, then.
There is a stone staircase leading up here.
The ogre hits you with a giant club!!
Ouch! That really hurt!
* * * LOW HITPOINT WARNING * * *
You climb upwards.
There is a stone staircase leading down here.
There is an open door here.
There is an open door here.
You see here 9 stones.
You see here 6 poisoned needles.
Okay, then.
You see here a short sword.
A kobold comes into view. It is wielding a whip.
The kobold shouts!
The kobold hits you with a whip.
* * * LOW HITPOINT WARNING * * *
The kobold hits you with a whip.
You die...

.##.........#......#.##.#.##.##
.###..#.#.####...#........####
.###..#.#.#####'#######..##
.............##.# ##.#
####..#####..##.# #.# #..#
###..##.### #.#
##..###.........# #.#
#...............# #.#
##..######.#.K@.# #.#
##........##.#.######.#
###########O#........#
#.########## #.# #.# #.#
########### #.#######
##.##......# #.#.....#


You could see an ogre and a kobold.

Vanquished Creatures
  A centaur skeleton (D:4)
  7 adders
  2 oozes
  2 worms
  3 dart slugs
  A leopard gecko (D:3)
  An orc (D:3)
  A giant cockroach (D:1)
  7 goblins
  10 hobgoblins
  3 jackals (D:2)
  2 quokkas
  A ball python (D:1)
  11 bats
  7 frilled lizards
  7 kobolds
  7 rats
73 creatures vanquished.

Notes
Turn   | Place    | Note
-------+----------+-------------------------------------------
     0 | D:1      | ANON1729 the Octopode Fire Elementalist began the quest for the Orb.
     0 | D:1      | Reached XP level 1. HP: 11/11 MP: 3/3
   136 | D:1      | Reached XP level 2. HP: 14/17 MP: 1/5
   864 | D:2      | Reached XP level 3. HP: 21/21 MP: 3/6
  1095 | D:2      | Reached XP level 4. HP: 6/27 MP: 0/8
  2496 | D:3      | Reached XP level 5. HP: 21/31 MP: 4/9
  2785 | D:3      | Found a faded altar of an unknown god.
  2831 | D:3      | Became a worshipper of Zin the Law-Giver
  2831 | D:3      | Reached * piety under Zin
  2831 | D:3      | Reached ** piety under Zin
  3395 | D:4      | Donated 60 gold pieces to Zin
  3413 | D:4      | Noticed an ogre
  3428 | D:4      | Reached skill level 4 in Fire Magic
  3560 | D:2      | Slain by a kobold

Skill      XL: |  1  2  3  4  5 |
---------------+----------------+-----
Conjurations   | 2 3 |  3.3
Spellcasting   | 3 |  3.3
Fire Magic     | 4 |  4.0
Dodging        | |  2.0
Stealth        | |  2.6

Action                   |  1- 3 |  4- 6 || total
-------------------------+-------+-------++-------
Melee: Unarmed           |    28 |    26 ||    54
       Constrict         |     7 |    11 ||    18
       Tentacles         |     4 |     2 ||     6
 Cast: Flame Tongue      |    39 |    57 ||    96
Invok: Donate Gold       |       |     1 ||     1
 Stab: Sleeping          |     3 |     2 ||     5
  Eat: Chunk             |     5 |    15 ||    20
Armor: Skin              |     8 |     8 ||    16
Dodge: Dodged            |    33 |    40 ||    73
